 Dungeon Sprint DCSS version 0.30-a0-913-g9934a0ce24 (webtiles) character file.

Game seed: 15714875465618572969

493 dialectric the Protected (level 7, 0/50 HPs)
             Began as a Gargoyle Fighter on Mar 19, 2023.
             Slain by a wyvern (3 damage)
             ... in the Dungeon (Sprint II: "The Violet Keep of Menkaure").
             The game lasted 00:00:51 (112 turns).

dialectric the Protected (Gargoyle Fighter)          Turns: 112, Time: 00:00:52

Health: 0/50       AC: 13    Str: 20    XL:     7   Next: 15%
Magic:  7/7        EV: 11    Int:  8    God:
Gold:   243        SH:  0    Dex: 11    Spells: 6/6 levels left

rFire   . . .      SeeInvis .    a - +0 long sword
rCold   . . .      Faith    .    (no shield)
rNeg    + . .      Spirit   .    b - +0 scale mail
rPois   ∞          Reflect  .    (no helmet)
rElec   +          Rampage  .    (no cloak)
rCorr   .          NoTele   +    (no gloves)
Will    .....                    (no boots) Stlth
                                 (no amulet)
HPRegen 0.28/turn                (no ring)
MPRegen 0.10/turn                (no ring)

@: on berserk cooldown, hasted and slowed
A: sickness immunity, AC +4, negative energy resistance 1, electricity
resistance, torment resistance 1, petrification resistance
a: no special abilities


You were in the Dungeon.
You visited 1 branch You collected 243 gold pieces.

Inventory:

Hand Weapons
 a - a +0 long sword (weapon)
Armour
 b - a +0 scale mail (worn)
 c - a +0 buckler
Scrolls
 j - a scroll of blinking
Potions
 h - 2 potions of magic


   Skills:
 + Level 8.6 Fighting
 * Level 9.1 Long Blades
 + Level 9.1 Armour
 - Level 3.1 Dodging
 - Level 3.2 Shields


You had 6 spell levels left.
You didn't know any spells.
Your spell library was empty.

Dungeon Overview and Level Annotations

Branches:
Dungeon (1/1)

Altars:

Annotations:
D Roxanne


Innate Abilities, Weirdness & Mutations

You are immune to sickness and miasma.
Your stone body is resilient. (AC +4)
You are immune to poison.
You resist negative energy. (rN+)
You are resistant to electric shocks. (rElec)
You are resistant to unholy torment.
You are immune to petrification.


Message History

You see here a wyvern corpse.
You slash the wyvern!
The wyvern is moderately wounded.
The wyvern bites you but does no damage.
You hit the wyvern.
The wyvern is heavily wounded.
The wyvern bites you!
Roxanne wails, "NOOOO!"
You hit the wyvern.
The wyvern is severely wounded.
The wyvern barely misses you.
You closely miss the wyvern.
The wyvern is severely wounded.
You are no longer berserk.
You are exhausted.
You feel yourself slow down. The wyvern bites you!
You hit the wyvern but do no damage.
The wyvern is severely wounded.
The wyvern bites you.
* * * LOW HITPOINT WARNING * * *
The wyvern barely misses you.
You barely miss the wyvern.
The wyvern is severely wounded.
The wyvern barely misses you. The wyvern bites you.
* * * LOW HITPOINT WARNING * * *
You closely miss the wyvern.
The wyvern is severely wounded.
The wyvern barely misses you. The wyvern closely misses you.
You closely miss the wyvern.
The wyvern is severely wounded.
The wyvern misses you.
Roxanne sighs and says, "It wouldn't be so bad were it not for the bird droppings."
The wyvern bites you but does no damage.
You closely miss the wyvern.
The wyvern is heavily wounded.
The wyvern bites you but does no damage.
The wyvern bites you!
* * * LOW HITPOINT WARNING * * *
You feel yourself speed up. The wyvern bites you.
You die...

####+####
##.~~§~~.##
##~~.~~§~§~##
+~§.~§8..§~.#
§§.~§~.~. §.~§~
##~~#+++#+++##
#~~~.........#
#~~~~.##@##..#
#~~~~
#l#.##.#### #~~~
#.# #.#....#
#~~#### ####..##
#~##.#
#+###.##..# #
#...##.##..##..#
#†.<.†##.'..#
#.##.##..##....#
#.#
#+###.##......~


You could see Roxanne and a wyvern.

Vanquished Creatures
  A wyvern (D)
  A water moccasin (D)
  4 scorpions (D)
  3 worms (D)
9 creatures vanquished.

Vanquished Creatures (others)
  Menkaure (D)
1 creature vanquished.

Grand Total: 10 creatures vanquished

Notes
Turn   | Place    | Note
-------+----------+-------------------------------------------
     0 | D        | dialectric the Gargoyle Fighter began the quest for the
                  | Orb.
     0 | D        | Reached XP level 1. HP: 14/14 MP: 1/1
    14 | D        | Reached skill level 1 in Dodging
    16 | D        | Reached XP level 2. HP: 12/20 MP: 2/2
    25 | D        | Noticed a scorpion
    25 | D        | Noticed a scorpion
    25 | D        | Noticed a scorpion
    25 | D        | Noticed a scorpion
    29 | D        | Killed a scorpion
    30 | D        | Reached skill level 5 in Fighting
    30 | D        | Reached skill level 5 in Armour
    30 | D        | Reached XP level 3. HP: 21/26 MP: 3/3
    30 | D        | Reached XP level 4. HP: 25/31 MP: 4/4
    36 | D        | Killed a scorpion
    37 | D        | Reached XP level 5. HP: 31/37 MP: 5/5
    51 | D        | Reached XP level 6. HP: 36/44 MP: 6/6
    59 | D        | Killed Menkaure
    64 | D        | Noticed a water moccasin
    65 | D        | Noticed Roxanne
    88 | D        | Killed a water moccasin
    91 | D        | Noticed a wyvern
   101 | D        | Killed a wyvern
   102 | D        | Reached XP level 7. HP: 44/50 MP: 7/7
   102 | D        | Noticed a wyvern
   112 | D        | Slain by a wyvern

Illustrated notes

Levels and vault maps discovered:
D:        the_violet_keep_of_menkaure [sprint2_stairs_cluster_1,
          sprint2_shoproom, sprint2_temple, sprint2_basic_supplies,
          sprint2_obstacle_2, sprint2_obstacle_3, sprint2_obstacle_6,
          sprint2_obstacle_1, sprint2_obstacle_5, sprint2_timed_cluster_1,
          sprint2_smallroom_cluster_1, sprint2_smallroom_final_cluster_1,
          sprint2_transparent_cluster_1, sprint2_second_timed_cluster_1,
          sprint2_sniper_area_1, sprint2_heavy_combat_area_1,
          sprint2_mutation_trap_area_1, sprint2_forest_area_1,
          sprint2_light_combat_area_1, sprint2_behind_water_1,
          sprint2_near_end_vault_1]

Skill      XL: |  1  2  3  4  5  6 |
---------------+-------------------+-----
Long Blades    | 2 3 4 6 9 |  9.1
Dodging        | 1 3 |  3.1
Fighting       | 4 5 6 7 8 |  8.6
Armour         | 4 5 6 7 9 |  9.1
Shields        | |  3.2

Action                     |  1- 3 |  4- 6 |  7- 9 || total
---------------------------+-------+-------+-------++-------
  Melee: Long sword        |    13 |    52 |     9 ||    74
    Use: Potion            |     2 |     2 |     1 ||     5
 Armour: Scale mail        |     3 |    22 |     3 ||    28
  Dodge: Dodged            |     3 |    27 |     6 ||    36

Table legend: (Time is in decaauts)
 A = Elapsed time spent in this place.
 B = Non-inter-level travel time spent in this place.
 C = Inter-level travel time spent in this place.
 D = Time resting spent in this place.
 E = Time spent auto-exploring this place.
 F = Levels seen in this place.
 G = Mean time per level.
                   A        B        C        D        E       F      G
               +--------+--------+--------+--------+--------+-----+--------+
         Total |    117 |    117 |      0 |      0 |      0 |   1 |  117.0 |
       Dungeon |    117 |    117 |      0 |      0 |      0 |   1 |  117.0 |
               +--------+--------+--------+--------+--------+-----+--------+

Top non-repeatable levels by time:
       D: 117 daAuts
